 Dungeon Crawl Stone Soup version 0.30-a0-728-gc68057be0a (webtiles) character file.

Game seed: 15894533722724415480

2420 Dittersdorf the Trooper (level 9, -1/57 HPs)
             Began as a Gargoyle Fighter on Jan 31, 2023.
             Was an Initiate of Okawaru.
             Killed from afar by a gargoyle (10 damage)
             ... with a stone arrow
             ... in a bailey.
             The game lasted 00:15:26 (6114 turns).

Dittersdorf the Trooper (Gargoyle Fighter)          Turns: 6114, Time: 00:15:27

Health: -1/57      AC: 26    Str: 25    XL:     9   Next: 48%
Magic:  9/9        EV:  8    Int:  8    God:    Okawaru [......]
Gold:   377        SH:  5    Dex:  9    Spells: 8/8 levels left

rFire   . . .      SeeInvis .    v - +2 flail (protect)
rCold   + . .      Faith    +    c - +0 buckler
rNeg    + + .      Spirit   .    u - +0 chain mail
rPois   ∞          Reflect  .    l - +1 hat
rElec   +          Harm     .    (no cloak)
rCorr   .          Rampage  .    (no gloves)
Will    .....                    y - +0 pair of boots Stlth
                                 g - amulet of faith
HPRegen 0.29/turn                e - ring of positive energy
MPRegen 0.11/turn                i - ring of protection from cold

@: mighty, under a protective aura
A: sickness immunity, AC +6, negative energy resistance 1, electricity
resistance, torment resistance 1, petrification resistance
a: Renounce Religion


You were in a bailey.
You worshipped Okawaru.
Okawaru was noncommittal.
You visited 2 branches of the dungeon, and saw 8 of its levels.
You also visited: Bailey.

You collected 377 gold pieces.

Inventory:

Hand Weapons
 v - a +2 flail of protection (weapon)
Missiles
 a - 3 poisoned darts (quivered)
Armour
 c - a +0 buckler (worn)
 l - a +1 hat (worn)
 u - a +0 chain mail (worn)
 y - a +0 pair of boots (worn)
Jewellery
 e - a ring of positive energy (left hand)
 g - an amulet of faith (around neck)
 i - a ring of protection from cold (right hand)
 r - a ring of fire
Wands
 B - a wand of roots (8)
Scrolls
 f - a scroll of fog {unknown}
 m - a scroll of magic mapping
 p - a scroll of enchant armour {unknown}
 s - a scroll of amnesia {unknown}
 t - 3 scrolls of teleportation
 x - a scroll of butterflies {unknown}
 z - a scroll of fear {unknown}
 A - a scroll of torment {unknown}
Potions
 j - 2 potions of heal wounds
 k - a potion of magic {unknown}
 o - a potion of mutation {unknown}
 q - 2 potions of cancellation {unknown}
 w - 2 potions of haste {unknown}


   Skills:
 + Level 7.6 Fighting
 + Level 6.5 Maces & Flails
 + Level 7.5 Armour
 + Level 7.5 Shields


You had 8 spell levels left.
You didn't know any spells.
Your spell library contained the following spells:

 Spells                   Type           Power      Damage    Failure   Level
 Blink                    Tloc           0%         N/A       99%         2
 Lesser Beckoning         Tloc           0%         N/A       99%         2
 Momentum Strike          Conj/Tloc      0%         3d8       99%         2
 Scorch                   Fire           0%         2d5       99%         2
 Flame Wave               Conj/Fire      0%         2d4       100%        4
 Summon Cactus Giant      Summ           Unusable   N/A       N/A         6

Dungeon Overview and Level Annotations

Branches:
Dungeon (7/15)             Temple (1/1) D:6          Bailey (1/1)

Altars:
Ashenzari
Cheibriados
Dithmenos
Fedhas
Gozag
Hepliaklqana
Kikubaaqudgha
Okawaru
Qazlal
Ru
Trog
Uskayaw
Vehumet
Wu Jian
Xom
Yredelemnul
Zin
The Shining One

Shops:
D:1 ((

Annotations:
D:5 2 runed translucent doors, dialectric's ghost, novice GrFi


Innate Abilities, Weirdness & Mutations

You are immune to sickness and miasma.
Your stone body is resilient. (AC +6)
You are immune to poison.
You resist negative energy. (rN+)
You are resistant to electric shocks. (rElec)
You are resistant to unholy torment.
You are immune to petrification.


Message History

The gargoyle hurls a stone arrow at you.
The stone arrow hits you.
You feel better. You block the gargoyle's attack.
You feel better.
The gargoyle hits you but does no damage.
You feel very mighty all of a sudden. You block the gargoyle's attack.
You hit the gargoyle.
Your weapon exudes an aura of protection.
The gargoyle is lightly damaged.
The gargoyle hits you with a +0 flail!
You completely miss the gargoyle.
The gargoyle is lightly damaged.
The gargoyle hits you with a +0 flail!
You barely miss the gargoyle.
The gargoyle is lightly damaged.
The gargoyle hits you but does no damage.
You sock the gargoyle!
Your weapon exudes an aura of protection.
The gargoyle is heavily damaged.
The gargoyle barely misses you. x2
You barely miss the gargoyle.
The gargoyle is heavily damaged.
You block the gargoyle's attack.
You sock the gargoyle!
The gargoyle is severely damaged.
The gargoyle barely misses you.
You hit the gargoyle.
The gargoyle is severely damaged.
The gargoyle hurls a stone arrow at you.
The stone arrow hits you!
* * * LOW HITPOINT WARNING * * *
You hit the gargoyle but do no damage.
The gargoyle is severely damaged.
The gargoyle barely misses you.
You barely miss the gargoyle.
The gargoyle is severely damaged.
The gargoyle hurls a stone arrow at you.
The stone arrow hits you!
You die...

########## #8......8#
#..9@....##
#######...##
#8....##)..##++#
#......#........
#....#....?).........
#....#...#....########
#....+...##..##.....8#
#....+....####.......#
#... ####...#....♣...#


You could see a gargoyle.

Vanquished Creatures
  A wraith (D:6)
  A wyvern (D:6)
  5 ogres
  2 phantoms
  Blork the orc (D:4)
  2 bullfrogs (D:6)
  A necrophage (D:5)
  2 scorpions (D:5)
  3 wights (D:5)
  6 vampire bats (Bailey)
  4 wolf zombies (Bailey)
  A howler monkey (D:6)
  3 hounds
  5 orc priests
  2 iguanas
  3 orc wizards
  A mummy (D:6)
  9 adders
  An ufetubus (D:3)
  5 worms
  2 dart slugs
  16 orcs
  4 ball pythons
  9 endoplasms
  A giant cockroach (D:1)
  4 hobgoblins
  8 jackals
  3 kobolds
  2 quokkas
  4 bats
  5 frilled lizards
  13 goblins
  A hobgoblin zombie (D:6)
  2 kobold zombies (D:6)
  14 orc zombies
  6 rats
152 creatures vanquished.

Vanquished Creatures (others)
  A wizard (D:4)
1 creature vanquished.

Grand Total: 153 creatures vanquished

Notes
Turn   | Place    | Note
-------+----------+-------------------------------------------
     0 | D:1      | Dittersdorf the Gargoyle Fighter began the quest for the
                  | Orb.
     0 | D:1      | Reached XP level 1. HP: 14/14 MP: 1/1
   135 | D:1      | Reached XP level 2. HP: 14/19 MP: 2/2
   325 | D:1      | Found Juptie's Weapon Emporium.
   415 | D:1      | Found Doneotuj's Weapon Shoppe.
   645 | D:2      | Reached XP level 3. HP: 11/23 MP: 3/3
  1054 | D:2      | Reached XP level 4. HP: 29/29 MP: 4/4
  1232 | D:3      | Found a faded altar of an unknown god.
  1346 | D:3      | Found a sacrificial altar of Ru.
  1387 | D:3      | Noticed an ogre
  1488 | D:3      | Found a hazy altar of Hepliaklqana.
  1675 | D:3      | Killed an ogre
  1676 | D:3      | Reached XP level 5. HP: 4/34 MP: 5/5
  2102 | D:4      | Reached XP level 6. HP: 31/39 MP: 6/6
  2392 | D:4      | Noticed Blork the orc
  2559 | D:4      | Killed Blork the orc
  2560 | D:4      | Reached skill level 5 in Fighting
  2560 | D:4      | Reached skill level 5 in Armour
  2560 | D:4      | Reached skill level 5 in Shields
  2560 | D:4      | Reached XP level 7. HP: 33/44 MP: 7/7
  2902 | D:4      | Found a bloodstained altar of Trog.
  2905 | D:4      | Noticed a wizard
  2910 | D:4      | Killed a wizard
  2946 | D:5      | Entered Level 5 of the Dungeon
  2954 | D:5      | Found an ornate altar of the Wu Jian Council.
  2954 | D:5      | Found a shimmering altar of Xom.
  3122 | D:5      | Found a large runed translucent door.
  3122 | D:5      | Found a large runed translucent door.
  3171 | D:5      | Found a runed translucent door.
  3172 | D:5      | Noticed dialectric's ghost (novice GrFi)
  3209 | D:5      | Found a runed translucent door.
  3497 | D:5      | Reached XP level 8. HP: 42/51 MP: 8/8
  3633 | D:5      | Found a snail-covered altar of Cheibriados.
  3664 | D:5      | Found a hide-covered altar of Uskayaw.
  4010 | D:5      | Reached skill level 5 in Maces & Flails
  4016 | D:5      | HP: 1/51 [wight/+0 scimitar (7)]
  5163 | D:6      | Noticed a wyvern
  5171 | D:6      | Killed a wyvern
  5172 | D:6      | Reached XP level 9. HP: 45/57 MP: 9/9
  5323 | D:6      | Found an ancient bone altar of Kikubaaqudgha.
  5372 | D:6      | Found a staircase to the Ecumenical Temple.
  5403 | Temple   | Entered the Ecumenical Temple
  5415 | Temple   | Became a worshipper of Warmaster Okawaru
  5626 | D:7      | Found a stormy altar of Qazlal.
  5629 | D:7      | Found a glowing golden altar of the Shining One.
  5653 | D:7      | Found a flagged portal.
  5680 | Bailey   | Entered a bailey
  6096 | Bailey   | Noticed a gargoyle
  6114 | Bailey   | Killed from afar by a gargoyle

Illustrated notes

Levels and vault maps discovered:
D:1:      lightli_arrival_noodles, layout_loops_ring, serial_shops, shop,
          nicolae_shop_behind_doors
D:2:      layout_rooms, minmay_circle_x
D:3:      layout_basic, mainiacjoe_overflow_brackets,
          mainiacjoe_overflow_surrounded_room,
          chequers_ecumenical_altar_simple_redux, bh_walls_and_bars
D:4:      layout_cave_pools, trog_wizard, uniq_blork_the_orc
D:5:      lemuel_ice_spiral_2, layout_rooms, jmf_multi_god_temple2,
          jmf_multi_god_temple, ebering_ghost_sewer_f
D:6:      layout_gridville, kiku_gazebo_pond_becter,
          minmay_temple_entry_statues, nrook_campfire, minmay_mini_ossuary
D:7:      layout_basic, mainiacjoe_overflow_large_starburst, enter_bailey_3
Temple:   hellmonk_temple_rainy
Bailey:   bailey_polearm_vampire_castle_hellmonk, bailey

Skill      XL: |  1  2  3  4  5  6  7  8  9 |
---------------+----------------------------+-----
Fighting       | 4 5 7 |  7.6
Maces & Flails | 3 4 5 6 |  6.5
Armour         | 4 5 6 7 |  7.5
Shields        | 4 5 6 7 |  7.5

Action                     |  1- 3 |  4- 6 |  7- 9 || total
---------------------------+-------+-------+-------++-------
  Melee: Flail             |   100 |   153 |   452 ||   705
  Throw: Dart              |       |     8 |    16 ||    24
    Use: Scroll            |       |     4 |     3 ||     7
         Potion            |       |       |     4 ||     4
 Armour: Scale mail        |    36 |   129 |       ||   165
         Chain mail        |       |     2 |   447 ||   449
  Dodge: Dodged            |    46 |    92 |   235 ||   373
  Block: Buckler           |    25 |    47 |   146 ||   218

Table legend: (Time is in decaauts)
 A = Elapsed time spent in this place.
 B = Non-inter-level travel time spent in this place.
 C = Inter-level travel time spent in this place.
 D = Time resting spent in this place.
 E = Time spent auto-exploring this place.
 F = Levels seen in this place.
 G = Mean time per level.
                   A        B        C        D        E       F      G
               +--------+--------+--------+--------+--------+-----+--------+
         Total |   6276 |   5886 |    390 |   1824 |   2210 |   9 |  697.3 |
       Dungeon |   5802 |   5434 |    368 |   1677 |   2157 |   7 |  828.9 |
        Temple |     24 |      2 |     22 |      0 |      0 |   1 |   24.0 |
        Bailey |    449 |    449 |      0 |    147 |     53 |   1 |  449.0 |
               +--------+--------+--------+--------+--------+-----+--------+

Top non-repeatable levels by time:
     D:5: 1770 daAuts
     D:3: 991 daAuts
     D:6: 912 daAuts
     D:4: 841 daAuts
     D:1: 697 daAuts
     D:2: 528 daAuts
  Bailey: 449 daAuts
     D:7: 60 daAuts
  Temple: 24 daAuts
